 Dungeon Crawl Stone Soup version bcrawl-1.28.5 (webtiles) character file.

Game seed: 13382676196943017896

350256 t4s4d4r the Carver (level 11, -10/97 HPs)
             Began as a Djinni Reaver on Jan 25, 2021.
             Was an Elder of Vehumet.
             Mangled by a +5 long sword (17 damage)
             ... on level 11 of the Dungeon.
             The game lasted 00:16:52 (10240 turns).

t4s4d4r the Carver (Djinni Reaver)                 Turns: 10240, Time: 00:16:53

Health: -10/97     AC:  9    Str: 18    XL:     11   Next: 25%
Magic:  24/24      EV: 11    Int: 20    God:    Vehumet [****..]
Gold:   578        SH:  6    Dex: 10    Spells: 16/28 levels left

rFire    . . .     SeeInvis .   m - +1 long sword (slice)
rCold    . . .     Gourm    .   z - +0 buckler
rNeg     . . .     Faith    .   b - +0 steam dragon scales
rPois    .         Spirit   .   F - +2 helmet {Int+3}
rElec    .         Reflect  .   w - +0 cloak
rCorr    .         Harm     .   (no gloves)
MR       +....     Rnd*Rage +   (boots unavailable)
Stlth    +.........             D - amulet of magic regeneration
HPRegen  0.26/turn              v - +2 ring of strength
MPRegen  0.44/turn              p - ring of wizardry

@: flying, hasted, very quick
A: never pass out, berserk 2, blink, blurry vision 2, wild magic 3, MP-powered
wands, floating
a: Blink, Renounce Religion


You were on level 11 of the Dungeon.
You worshipped Vehumet.
Vehumet was greatly pleased with you.
You were near starving.

You visited 1 branch of the dungeon, and saw 11 of its levels.

You collected 758 gold pieces.
You spent 180 gold pieces at shops.

Inventory:

Hand Weapons
 a - a +0 long sword
 m - a +1 long sword of slicing (weapon)
Armour
 b - +0 steam dragon scales (worn)
 w - a +0 cloak (worn)
 z - a +0 buckler (worn)
 F - a +2 helmet of intelligence (worn)
Magical Staves
 s - an uncursed staff of death
Jewellery
 l - an uncursed ring of positive energy
 o - an uncursed ring of stealth
 p - a ring of wizardry (right hand)
 v - a +2 ring of strength (left hand)
 D - an amulet of magic regeneration (around neck)
Wands
 y - a wand of polymorph (14)
 C - a wand of paralysis (15)
 H - a wand of digging (4)
Scrolls
 d - 2 scrolls of immolation
 h - 4 scrolls of magic mapping {unknown}
 i - 11 scrolls of identify
 k - 7 scrolls of remove curse {unknown}
 n - 3 scrolls of teleportation {unknown}
 q - 3 scrolls of blinking {unknown}
 r - 4 scrolls of amnesia {unknown}
 B - a scroll of enchant weapon {unknown}
 I - a scroll of torment {unknown}
Potions
 c - 4 potions of haste
 f - a potion of mutation
 g - 2 potions of curing
 j - a potion of invisibility
 t - 2 potions of heal wounds
 u - 2 potions of cancellation
 x - a potion of lignification {unknown}
 A - 2 potions of flight {unknown}
 E - 2 potions of ambrosia {unknown}
 G - a potion of berserk rage
 J - a potion of might {unknown}
Comestibles
 e - 24 rations {!d}


   Skills:
 + Level 9.0 Fighting
 + Level 13.9 Long Blades
 - Level 3.0 Dodging
 + Level 9.0 Spellcasting
 - Level 7.5 Conjurations


You had 16 spell levels left.
You knew the following spells:

 Your Spells              Type           Power        Failure   Level  Hunger
a - Sting                 Conj/Pois      ####         1%          1    None
b - Searing Ray           Conj           ######..     1%          2    None
c - Throw Icicle          Conj/Ice       #####...     10%         4    ##.....
d - Irradiate             Conj/Tmut      #####.....   22%         5    ####...

Your spell library contained the following spells:

 Spells                   Type           Power        Failure   Level  Hunger
 Dazzling Orbs            Conj/Hex       #####..      16%         3    None
 Corona                   Hex            ###....      21%         1    None
 Iskenderun's Battlesphe  Conj/Chrm      #####...     22%         5    ####...
 Ensorcelled Hibernation  Hex/Ice        ###...       28%         2    None
 Confuse                  Hex            ###.....     45%         3    None
 Tukima's Dance           Hex            ###.....     45%         3    None
 Cause Fear               Hex            ###.......   78%         4    ##.....


Dungeon Overview and Level Annotations

Branches:
Dungeon (11/12)            Temple (0/1) D:5            Lair (0/6) D:9
    Orc (0/1) D:8
 Vaults: D:11-12

Altars:
Cheibriados
Qazlal
Sif Muna
Trog
Wu Jian
Zin

Shops:
D:7 [*   D:8 [   D:10 [

Annotations:
D:3 exclusion: sky beast


Innate Abilities, Weirdness & Mutations

You never pass out after going berserk.
You often lose your temper in combat.
You can translocate small distances at will.
Scrolls take you longer to read.
Your spells are much harder to cast, but much more powerful.
You expend magic power (3 MP) to strengthen your wands.
Your body floats in the air.


Message History

The +5 long sword hits you! The +3 long sword hits you!
The +5 long sword hits you but does no damage.
The +3 long sword hits you.
Things that are here:
a +0 shortbow; 81 arrows The +3 long sword hits you!
* * * LOW HITPOINT WARNING * * *
The +5 long sword hits you!
* * * LOW HITPOINT WARNING * * *
Press: ? - help, v - describe, . - travel
Here: a +5 long sword
Okay, then.
You feel much better. The +3 long sword hits you!
* * * LOW HITPOINT WARNING * * *
The +5 long sword closely misses you.
You feel yourself speed up. The +3 long sword hits you!
* * * LOW HITPOINT WARNING * * *
The +5 long sword hits you!
You die...

#.......##........#.. ..........
#...#...#.............#...>......
#...#####............#...........
#### #.....#####..............
####..# #...(.......... #..#
#....#......... #..# #..#
#........# #..##+##..####.....<.#
##..O(@....#..(.......#
#....(.....#...^......#
#..........#..........#
#.##..#####............ #....##
#............ ####.#
#............ #.# ##...........
..# #...#####... ... #...# ...


You could see an ogre and 2 dancing weapons.

Vanquished Creatures
  2 two-headed ogres (D:9)
  An ugly thing (D:10)
  A centaur zombie (D:10)
  A centaur skeleton (D:8)
  A kobold demonologist (D:10)
  A troll (D:8)
  Prince Ribbit (D:5)
  A hippogriff (D:6)
  Sigmund (D:3)
  4 yaks (D:10)
  Grum (D:9)
  2 wargs (D:9)
  A water moccasin (D:5)
  Duvessa (D:4)
  5 orc warriors
  A sky beast (D:3)
  4 ice beasts
  4 ogres
  A phantom (D:7)
  3 necrophages
  4 wolves (D:9)
  3 centaurs
  5 bullfrogs
  2 big kobolds (D:10)
  A gnoll sergeant (D:6)
  Dowan (D:4)
  3 scorpions
  10 killer bees
  3 wights (D:6)
  An electric eel (D:8)
  5 howler monkeys
  6 crimson imps
  A bullfrog zombie (D:7)
  5 jellies
  7 hounds
  6 orc priests
  A gnoll shaman (D:7)
  6 orc wizards
  Jessica (D:3)
  Ijyb (D:5)
  5 iguanas
  5 worker ants
  A hound zombie (D:6)
  A hound skeleton (D:9)
  A worker ant zombie (D:9)
  A howler monkey skeleton (D:5)
  10 adders
  4 gnolls (D:7)
  A shadow imp (D:10)
  2 oozes
  A worm (D:3)
  An adder skeleton (D:4)
  3 dart slugs
  6 leopard geckos
  21 orcs
  2 ball pythons
  3 giant cockroaches (D:2)
  4 goblins
  4 hobgoblins
  7 jackals
  17 kobolds
  4 quokkas
  3 bats
  3 frilled lizards
  A jackal skeleton (D:4)
  6 rats
226 creatures vanquished.

Notes
Turn   | Place    | Note
-------+----------+-------------------------------------------
     0 | D:1      | t4s4d4r the Djinni Reaver began the quest for the Orb.
     0 | D:1      | Reached XP level 1. HP: 19/19 MP: 4/4
    59 | D:1      | Reached skill level 4 in Long Blades
    59 | D:1      | Reached XP level 2. HP: 14/26 MP: 6/6
   804 | D:2      | Reached XP level 3. HP: 27/31 MP: 7/7
   840 | D:2      | Reached * piety under Vehumet
   840 | D:2      | Offered knowledge of Sting by Vehumet.
   843 | D:2      | Learned a level 1 spell: Sting
   870 | D:2      | Reached skill level 5 in Long Blades
  1381 | D:3      | Noticed Sigmund
  1399 | D:2      | Reached skill level 1 in Conjurations
  1399 | D:2      | Gained mutation: Your spells are harder to cast, but more
                  | powerful. [Djinni growth]
  1399 | D:2      | Gained mutation: You can translocate small distances at
                  | will. [Djinni growth]
  1399 | D:2      | Reached XP level 4. HP: 31/38 MP: 2/9
  1655 | D:3      | Found a faded altar of an unknown god.
  1658 | D:3      | Noticed a sky beast
  1838 | D:3      | Killed Sigmund
  1839 | D:3      | Reached skill level 7 in Long Blades
  1839 | D:3      | Reached XP level 5. HP: 45/45 MP: 7/10
  1908 | D:3      | Found a snail-covered altar of Cheibriados.
  1923 | D:3      | Reached XP level 6. HP: 41/51 MP: 11/11
  2075 | D:3      | Noticed Jessica
  2082 | D:3      | Killed Jessica
  2740 | D:4      | Noticed Duvessa
  2740 | D:4      | Noticed Dowan
  2750 | D:4      | Killed Duvessa
  2751 | D:4      | Reached skill level 8 in Long Blades
  2752 | D:4      | Killed Dowan
  2753 | D:4      | Reached XP level 7. HP: 40/57 MP: 9/12
  2840 | D:3      | Reached skill level 9 in Long Blades
  3358 | D:4      | Found a shimmering blue altar of Sif Muna.
  3359 | D:4      | Found a stormy altar of Qazlal.
  3625 | D:4      | Reached skill level 10 in Long Blades
  3765 | D:5      | Entered Level 5 of the Dungeon
  3804 | D:5      | Gained mutation: Your spells are much harder to cast, but
                  | much more powerful. [Djinni growth]
  3804 | D:5      | Reached XP level 8. HP: 47/63 MP: 13/13
  4193 | D:5      | Reached skill level 11 in Long Blades
  4197 | D:5      | Reached ** piety under Vehumet
  4207 | D:5      | Offered knowledge of Searing Ray by Vehumet.
  4217 | D:5      | Learned a level 2 spell: Searing Ray
  4319 | D:5      | Found a staircase to the Ecumenical Temple.
  4433 | D:5      | Noticed Ijyb
  4441 | D:5      | Killed Ijyb
  4720 | D:5      | Noticed Prince Ribbit
  4755 | D:5      | Killed Prince Ribbit
  4756 | D:5      | Reached skill level 5 in Spellcasting
  5226 | D:6      | Reached XP level 9. HP: 63/70 MP: 7/18
  5376 | D:6      | Reached skill level 5 in Conjurations
  6095 | D:7      | Reached skill level 12 in Long Blades
  6096 | D:7      | Offered knowledge of Stone Arrow by Vehumet.
  6143 | D:7      | Reached skill level 5 in Fighting
  6322 | D:7      | Reached *** piety under Vehumet
  6388 | D:7      | Found Sauw Uco's Antique Armour Shop.
  6391 | D:7      | Bought a runed helmet for 180 gold pieces
  6563 | D:7      | Found an ornate altar of the Wu Jian Council.
  6646 | D:7      | Found Zin's Purification Station.
  6649 | D:7      | Found a glowing silver altar of Zin.
  7131 | D:8      | Offered knowledge of Throw Icicle by Vehumet.
  7184 | D:8      | Reached XP level 10. HP: 73/83 MP: 18/20
  7208 | D:8      | Learned a level 4 spell: Throw Icicle
  7548 | D:8      | Found Tioxzeplesch's Antique Armour Boutique.
  7680 | D:8      | Found a bloodstained altar of Trog.
  7725 | D:8      | Found a staircase to the Orcish Mines.
  8011 | D:9      | Noticed a two-headed ogre
  8025 | D:9      | Killed a two-headed ogre
  8026 | D:9      | Reached skill level 13 in Long Blades
  8212 | D:9      | Noticed Grum
  8224 | D:9      | Killed Grum
  8341 | D:9      | Found a staircase to the Lair.
  8750 | D:9      | Reached **** piety under Vehumet
  8907 | D:9      | Noticed a two-headed ogre
  8920 | D:9      | Killed a two-headed ogre
  9082 | D:10     | Entered Level 10 of the Dungeon
  9166 | D:10     | Offered knowledge of Irradiate by Vehumet.
  9174 | D:10     | Learned a level 5 spell: Irradiate
  9174 | D:10     | Found Wuamnoige's Antique Armour Emporium.
  9292 | D:10     | Reached XP level 11. HP: 87/95 MP: 23/23
  9774 | D:10     | Noticed a cyan ugly thing
  9784 | D:10     | Killed a cyan ugly thing
 10222 | D:11     | Noticed a +3 long sword
 10223 | D:11     | Noticed a +5 long sword
 10240 | D:11     | Mangled by a +5 long sword

Skill      XL: |  1  2  3  4  5  6  7  8  9 10 11 |
---------------+----------------------------------+-----
Long Blades    | 4 5 7 8 10 11 12 13 | 13.9
Conjurations   | 1 4 5 7 |  7.5
Spellcasting   | 6 7 8 9 |  9.0
Fighting       | 6 8 9 |  9.0
Dodging        | |  3.0

Action                   |  1- 3 |  4- 6 |  7- 9 | 10-12 || total
-------------------------+-------+-------+-------+-------++-------
Melee: Long sword        |    73 |    91 |   223 |   130 ||   517
 Cast: Sting             |    14 |    30 |    43 |       ||    87
       Searing Ray       |       |       |    33 |    27 ||    60
       Throw Icicle      |       |       |       |     3 ||     3
 Abil: Blink             |       |       |     5 |       ||     5
  Use: Scroll            |       |     4 |     3 |       ||     7
       Potion            |       |     1 |       |     2 ||     3
 Stab: Sleeping          |     3 |     4 |       |       ||     7
  Eat: Chunk             |     3 |     7 |    22 |    10 ||    42
Armor: Steam dragon scal |    19 |    25 |    74 |    44 ||   162
Dodge: Dodged            |    50 |    54 |   155 |    70 ||   329
Block: Other             |     1 |     3 |     9 |       ||    13
       Buckler           |       |       |    50 |    34 ||    84
